 Dungeon Crawl Stone Soup version 0.27.1-2-g3b301248ec (webtiles) character file.

Game seed: 13979193261984005946

14 belegose the Vexing (level 2, 0/16 HPs)
             Began as a Kobold Arcane Marksman on Sept 23, 2021.
             Slain by a hobgoblin (4 damage)
             ... on level 1 of the Dungeon.
             The game lasted 00:01:28 (653 turns).

belegose the Vexing (Kobold Arcane Marksman)         Turns: 653, Time: 00:01:29

Health: 0/16       AC:  2    Str:  7    XL:     2   Next: 55%
Magic:  3/3        EV: 15    Int: 14    God:
Gold:   11         SH:  0    Dex: 15    Spells: 2/3 levels left

rFire    . . .     SeeInvis .   d - +0 dagger
rCold    . . .     Faith    .   (shield restricted)
rNeg     . . .     Spirit   .   a - +0 robe
rPois    .         Reflect  .   (no helmet)
rElec    .         Harm     .   (no cloak)
rCorr    .         Rampage  .   (no gloves)
Will     .....                  (no boots)
Stlth    +++.......             (no amulet)
HPRegen  0.05/turn              (no ring)
MPRegen  0.08/turn              (no ring)

@: no status effects
A: small, no large weapons, nightstalker 3
a: no special abilities


You were on level 1 of the Dungeon.
You visited 1 branch of the dungeon, and saw 1 of its levels.

You collected 11 gold pieces.

Inventory:

Hand Weapons
 d - a +0 dagger (weapon)
Missiles
 b - 8 boomerangs (quivered)
 c - 2 throwing nets
Armour
 a - a +0 robe (worn)


   Skills:
 + Level 1.6 Fighting
 + Level 2.5 Throwing
 + Level 2.8 Dodging
 + Level 1.2 Stealth
 - Level 1.1 Spellcasting
 - Level 3.0 Hexes


You had 2 spell levels left.
You knew the following spells:

 Your Spells              Type           Power      Damage    Failure   Level
a - Corona                Hex            10%        N/A       8%          1

Your spell library contained the following spells:

 Spells                   Type           Power      Damage    Failure   Level
 Slow                     Hex            9%         N/A       12%         2
 Inner Flame              Hex/Fire       4%         N/A       38%         3
 Portal Projectile        Hex/Tloc       8%         N/A       38%         3
 Cause Fear               Hex            4%         N/A       58%         4


Dungeon Overview and Level Annotations

Branches:
Dungeon (1/15)

Altars:


Innate Abilities, Weirdness & Mutations

You are small and have problems with some larger weapons.
You are completely attuned to the shadows.


Message History

You hit the bat but do no damage.
The bat is severely wounded.
The bat hits you but does no damage. The bat hits you.
You hit the bat but do no damage.
The bat is severely wounded.
The bat barely misses you. x2; The bat hits you.
You hit the bat.
You kill the bat!
A hobgoblin comes into view.
You closely miss the hobgoblin. The hobgoblin closely misses you.
You hit the hobgoblin.
The hobgoblin is lightly wounded.
The hobgoblin hits you.
You hit the hobgoblin.
The hobgoblin is severely wounded.
The hobgoblin hits you.
You hit the hobgoblin but do no damage.
The hobgoblin is severely wounded.
The hobgoblin closely misses you.
You closely miss the hobgoblin.
The hobgoblin is severely wounded.
The hobgoblin closely misses you.
You hit the hobgoblin.
The hobgoblin is almost dead.
The hobgoblin hits you.
You barely miss the hobgoblin.
The hobgoblin is almost dead.
The hobgoblin barely misses you.
You hit the hobgoblin but do no damage.
The hobgoblin is almost dead.
The hobgoblin hits you.
* * * LOW HITPOINT WARNING * * *
You closely miss the hobgoblin.
The hobgoblin is almost dead.
The hobgoblin misses you.
You closely miss the hobgoblin.
The hobgoblin is almost dead.
The hobgoblin hits you.
You die...

... #.. #.# ♣###.# .b
#.. .....# ..##.#
####.# #.....# . #
#.#####.###.# ..
####.).....#/#.####...
...####.##.###..@g....
##.# #.##..†..####.#.#
#.# #...##.### #.#.#
#.######....# #.#.#
#...# #.####
##.#.###### ##.#.##
#.# #...#.....#
#.##..# #.#
#..#.####.# .####.#
#.# ######..#.# #.# ##
##.# #.......#.# #.#


You could see a hobgoblin.

Vanquished Creatures
  2 ball pythons (D:1)
  An endoplasm (D:1)
  A giant cockroach (D:1)
  3 goblins (D:1)
  A hobgoblin (D:1)
  A kobold (D:1)
  A bat (D:1)
  A frilled lizard (D:1)
11 creatures vanquished.

Notes
Turn   | Place    | Note
-------+----------+-------------------------------------------
     0 | D:1      | belegose the Kobold Arcane Marksman began the quest for the
                  | Orb.
     0 | D:1      | Reached XP level 1. HP: 12/12 MP: 2/2
   298 | D:1      | Reached skill level 1 in Stealth
   298 | D:1      | Reached XP level 2. HP: 16/16 MP: 3/3
   653 | D:1      | Slain by a hobgoblin

Illustrated notes

Levels and vault maps discovered:
D:1:      minmay_arrival_diagonal_passages, layout_loops_ring,
          basic_ecumenical_altar, serial_shops, nicolae_shop_trees,
          item_on_display_a

Skill      XL: |  1 |
---------------+----+-----
Stealth        | 1 |  1.2
Fighting       | |  1.6
Throwing       | |  2.5
Dodging        | |  2.8
Spellcasting   | |  1.1
Hexes          | |  3.0

Action                   || total
-------------------------++-------
Melee: Unarmed           ||     4
       Dagger            ||    42
Throw: Boomerang         ||    18
 Stab: Sleeping          ||     2
Armor: Robe              ||     5
Dodge: Dodged            ||    38
